Map: Acid Plant LE

Players

HellraiseR - Winner!

  • Race: Protoss Protoss
  • League: Master
  • Spawn Location: 5:00

MMA

  • Race: Terran Terran
  • Spawn Location: 11:00

Event: HomeStory Cup XVII

VOD

Have the link to the VOD?

Description

Time

  • Played on: June 29, 2018, 12:02 p.m.
  • Length: 6:12

All games in this series

Show
View Real Time Build Order
Export as new Build Order

HellraiseR Protoss - Winner!

Build Orders: 1 Gate Expand 

Get SALT Encoding   

  12  0:01  Probe  
  13  0:13  Probe  
  14  0:17  Pylon  
  14  0:21  Probe  
  15  0:31  Probe  
  16  0:38  Gateway  
  16  0:41  Probe  
  16  0:47  Assimilator  
  17  0:53  Probe  
  18  1:05  Probe  
  19  1:17  Zealot  
  20  1:25  Cybernetics Core  
  21  1:40  Nexus  
  21  1:50  Pylon  
  21  1:52  Stalker  
  21  2:02  Warp Gate  
  21  2:05  Assimilator  
  23  2:11  Probe  
  24  2:21  Stalker  
  24  2:23  Probe  
  27  2:35  Probe  
  28  2:45  Probe  
  29  2:54  Probe x2  
  29  2:57  Robotics Facility  
  31  3:02  Probe  
  31  3:06  Probe  
  31  3:09  Gateway  
  33  3:15  Gateway  
  33  3:18  Probe  
  34  3:21  Probe  
  35  3:31  Probe, Twilight Council  
  35  3:34  Probe  
  37  3:35  Warp Prism  
  37  3:42  Charge  
  37  3:43  Probe  
  40  3:56  Gateway  
  40  3:57  Gateway  
  40  4:03  Gateway  
  40  4:13  Gateway  
  40  4:16  Gateway  
  40  4:25  Zealot x2  
  40  4:28  Pylon  
  44  4:35  Zealot  
  44  4:38  Pylon  
  46  4:41  Pylon  
  46  4:47  Pylon  
  46  4:59  Zealot x5  
  56  5:05  Pylon  
  56  5:06  Zealot  
  58  5:08  Zealot  
  58  5:14  Zealot  
  62  5:34  Zealot x7  
  62  5:35  Zealot  
  60  5:57  Zealot  
  60  5:58  Stalker  
  60  5:59  Zealot x5  
Show
View Real Time Build Order
Export as new Build Order

MMA Terran 

Build Orders: Reaper Expand 

Get SALT Encoding   

  12  0:00  SCV  
  13  0:13  SCV  
  14  0:17  Supply Depot  
  14  0:25  SCV  
  15  0:38  SCV  
  15  0:39  Barracks  
  16  0:43  Refinery  
  16  0:50  SCV  
  17  1:02  SCV  
  18  1:14  SCV  
  19  1:26  Orbital Command, Reaper  
  20  1:41  Command Center  
  20  1:52  SCV  
  21  1:56  Barracks  
  21  1:59  Marine  
  22  2:06  Supply Depot  
  22  2:07  SCV  
  23  2:13  Refinery  
  23  2:17  Barracks Reactor  
  23  2:28  SCV  
  24  2:40  SCV  
  24  2:44  Barracks Tech Lab  
  24  2:49  Factory  
  24  2:52  SCV  
  24  2:53  Orbital Command  
  24  2:55  Marine x2  
  27  3:04  SCV  
  28  3:10  Stimpack, Marauder  
  30  3:13  Marine x2  
  30  3:16  Supply Depot  
  32  3:23  SCV  
  32  3:26  SCV  
  34  3:31  Marine x3  
  37  3:35  Starport  
  37  3:37  Factory Reactor  
  37  3:43  SCV x2  
  39  3:48  Marine  
  39  3:49  Marine x2  
  39  3:52  Engineering Bay  
  42  3:56  SCV  
  42  3:57  SCV  
  44  4:06  Marine x2  
  44  4:07  Marine  
  47  4:10  SCV x2  
  49  4:19  Supply Depot  
  49  4:23  Medivac x2  
  53  4:24  SCV  
  53  4:28  Marine x3, SCV  
  58  4:33  Supply Depot  
  58  4:36  SCV  
  59  4:40  SCV  
  59  4:41  Barracks  
  59  4:42  Factory Tech Lab  
  60  4:47  Marine x2  
  60  4:48  Marine  
  60  4:51  SCV  
  65  4:52  SCV  
  65  4:55  Refinery  
  64  5:04  Marine x2, SCV x2  
  68  5:10  Factory Reactor, Supply Depot  
  68  5:17  SCV  
  68  5:19  Marauder  
  72  5:22  Marine x2  
  72  5:23  Supply Depot  
  66  5:36  Marine  
  66  5:40  Marine x2  
  61  5:44  Orbital Command  
Tags
 
Add a new tag
Caveats
  • Supply blocks, unpowered buildings, or Contaminate may cause inaccurate times.
  • Supply counts are checked every 10 seconds.